 Dungeon Crawl Stone Soup version 0.27-a0-686-gaed091b46b (webtiles) character file.

Game seed: 14063066858148835534

960 sahdkjhfkaj the Grappler (level 8, -4/70 HPs)
             Began as a Ghoul Ice Elementalist on Mar 20, 2021.
             Slain by a small abomination (10 damage)
             ... on level 1 of the Abyss.
             The game lasted 00:06:26 (7587 turns).

sahdkjhfkaj the Grappler (Ghoul Ice Elementalist)   Turns: 7587, Time: 00:06:27

Health: -4/70      AC:  8    Str: 14    XL:     8   Next: 14%
Magic:  9/9        EV:  9    Int: 10    God:
Gold:   227        SH:  0    Dex:  9    Spells: 9/10 levels left

rFire    + . .     SeeInvis .     - Unarmed
rCold    + . .     Faith    .   (no shield)
rNeg     + + +     Spirit   .   h - +2 scale mail {rF+}
rPois    ∞         Reflect  .   q - +0 hat
rElec    .         Harm     .   (no cloak)
rCorr    .         Rampage  .   (no gloves)
Will     .....                  (no boots)
Stlth    ..........             (no amulet)
HPRegen  0.00/turn              (no ring)
MPRegen  0.11/turn              (no ring)

@: about to teleport, weak-willed
A: claws 1, cold resistance 1, negative energy resistance 3, inhibited
regeneration, torment resistance 2, unbreathing 1
a: no special abilities


You were on level 1 of the Abyss.
You visited 1 branch of the dungeon, and saw 6 of its levels.
You visited the Abyss 1 time.
You also visited: Sewer.

You collected 227 gold pieces.

Inventory:

Hand Weapons
 a - a +1 dagger of freezing
Armour
 h - a +2 scale mail of fire resistance (worn)
 q - a +0 hat (worn)
Wands
 g - a wand of flame (28)
Scrolls
 b - a scroll of vulnerability
 c - 2 scrolls of teleportation
 f - a scroll of amnesia
 o - a scroll of fear {unknown}
Potions
 d - a potion of brilliance {unknown}
 j - a potion of lignification {unknown}
 m - a potion of heal wounds {unknown}
 p - a potion of berserk rage {unknown}
 r - a potion of curing
Miscellaneous
 l - a phial of floods


   Skills:
 + Level 5.6 Fighting
 - Level 1.7 Dodging
 - Level 2.1 Stealth
 - Level 8.0 Unarmed Combat
 - Level 1.7 Spellcasting
 - Level 4.3 Ice Magic


You had 9 spell levels left.
You knew the following spells:

 Your Spells              Type           Power      Damage    Failure   Level
a - Freeze                Ice            36%        1d6       24%         1

Your spell library contained the following spells:

 Spells                   Type           Power      Damage    Failure   Level
 Frozen Ramparts          Ice            18%        1d3       58%         3
 Ozocubu's Armour         Ice            9%         N/A       58%         3
 Foxfire                  Conj/Fire      0%         2x1d4     82%         1
 Static Discharge         Conj/Air       0%         N/A       99%         3
 Hailstorm                Conj/Ice       5%         3d4       99%         4
 Summon Ice Beast         Ice/Summ       5%         N/A       99%         4
 Irradiate                Conj/Tmut      0%         3d14      100%        5
 Lee's Rapid Deconstruct  Erth           0%         3d5*      100%        5
 Spellforged Servitor     Conj/Summ      0%         N/A       100%        7


Dungeon Overview and Level Annotations

Branches:
Dungeon (6/15)              Sewer (visited)
 Temple: D:4-7

Altars:
Okawaru


Innate Abilities, Weirdness & Mutations

You thrive by killing the living.
You are immune to poison.
You have sharp fingernails.
Your flesh is cold resistant. (rC+)
You are immune to negative energy. (rN+++)
You do not regenerate when monsters are visible.
You are immune to unholy pain and torment.
You can survive without breathing.


Message History

You scratch the shadow imp.
You kill the shadow imp!
Found a fizzy brown potion.
You start resting.
A small abomination comes into view.
j - a fizzy brown potion A small abomination is nearby!
As you read the scroll labelled NYTSINICIOGG, it crumbles to dust.
It is a scroll of amnesia.
Really abort (and waste the scroll)?
Okay, then.
As you read the scroll labelled KEAMNU KUSURR, it crumbles to dust.
Magic quickly surges around you.
It was a scroll of vulnerability.
Unknown command.
Okay, then.
As you read the scroll labelled XAUR BIUSCHA, it crumbles to dust.
You feel strangely unstable.
You feel the power of the Abyss delaying your translocation!
It was a scroll of teleportation.
The small abomination hits you!
* * * LOW HITPOINT WARNING * * *
Unknown command.
As you read the scroll labelled INOUBO QUUFI, it crumbles to dust.
It is a scroll of brand weapon.
Your +1 dagger of venom is covered with a thin layer of ice!
a - a +1 dagger of freezing The small abomination hits you but does no damage.
This is a scroll of acquirement!
Something appears at your feet!
The small abomination hits you but does no damage.
You pick up the Grimoire of the Unstoppable Tables and begin reading...
You add the spells Foxfire, Static Discharge, Irradiate, Lee's Rapid Deconstruction and Spellforged Servitor to your library.
As you read the scroll labelled SAYN OLOJYNN, it crumbles to dust.
Your claws glow pale chartreuse for a moment.
It was a scroll of random uselessness.
The small abomination hits you.
* * * LOW HITPOINT WARNING * * *
Unknown command.
As you read the scroll labelled TIAZ CIORUEPNO, it crumbles to dust.
You feel momentarily disoriented.
It was a scroll of magic mapping.
The small abomination hits you!
You die...

## . . . #
. ###. .
#. # . ..#
# #.
#####x...#
# #....#
..#..# #.#
#..##..#
#. ..
#x.#.#..#.
. #@.# #
#. # .
####. .# #
# # .. ..
.. # . ..#
# # # . #
. ## #


You could see a small abomination (weak-willed).

Vanquished Creatures
  Edmund (D:5)
  An ice beast (D:4)
  An ogre (D:5)
  A phantom (D:4)
  4 orc priests
  3 bullfrog skeletons
  An iguana (D:6)
  7 orc wizards
  A worker ant (D:5)
  A hound skeleton (D:4)
  5 adders
  2 shadow imps
  A white imp (D:6)
  An ooze (D:3)
  2 worms (D:3)
  6 leopard geckos
  5 orcs
  2 ball pythons
  7 giant cockroaches
  6 goblins
  5 hobgoblins
  3 jackals (D:4)
  6 kobolds
  4 quokkas
  6 bats
  15 frilled lizards
  A jackal skeleton (D:5)
  5 rats
103 creatures vanquished.

Notes
Turn   | Place    | Note
-------+----------+-------------------------------------------
     0 | D:1      | sahdkjhfkaj the Ghoul Ice Elementalist began the quest for
                  | the Orb.
     0 | D:1      | Reached XP level 1. HP: 14/14 MP: 2/2
   134 | D:1      | Reached skill level 1 in Unarmed Combat
   287 | D:1      | Reached XP level 2. HP: 13/20 MP: 0/3
   503 | D:1      | Reached skill level 2 in Unarmed Combat
  1131 | D:2      | Reached XP level 3. HP: 26/26 MP: 1/4
  1308 | D:2      | Reached skill level 3 in Unarmed Combat
  1308 | D:2      | Reached skill level 1 in Fighting
  2093 | D:3      | Reached XP level 4. HP: 28/35 MP: 0/5
  2206 | D:3      | Found a glowing drain.
  2220 | Sewer    | Entered a sewer
  2300 | Sewer    | Reached skill level 4 in Unarmed Combat
  3121 | D:3      | Found an iron altar of Okawaru.
  3657 | D:3      | Reached XP level 5. HP: 18/42 MP: 6/6
  4531 | D:4      | Reached skill level 5 in Unarmed Combat
  4720 | D:4      | Reached XP level 6. HP: 51/51 MP: 7/7
  5459 | D:5      | Entered Level 5 of the Dungeon
  5478 | D:5      | Noticed an ice beast
  5687 | D:4      | Killed an ice beast
  5688 | D:4      | Reached skill level 6 in Unarmed Combat
  5947 | D:5      | Reached XP level 7. HP: 34/59 MP: 8/8
  5993 | D:4      | HP: 1/59 [phantom (5)]
  6050 | D:4      | HP: 1/59 [phantom (1)]
  6381 | D:4      | Reached skill level 7 in Unarmed Combat
  6759 | D:5      | Noticed Edmund
  6778 | D:5      | Killed Edmund
  6779 | D:5      | Reached skill level 8 in Unarmed Combat
  6961 | D:5      | Reached skill level 5 in Fighting
  6961 | D:5      | Reached XP level 8. HP: 47/68 MP: 9/9
  7493 | D:6      | Cast into level 1 of the Abyss (orc wizard)
  7494 | Abyss:1  | Noticed a blink frog
  7584 | Abyss:1  | Identified a scroll of acquirement
  7584 | Abyss:1  | Acquired the Grimoire of the Unstoppable Tables
  7587 | Abyss:1  | Slain by a small abomination

Illustrated notes

Levels and vault maps discovered:
D:1:      lemuel_arrival_funnel, layout_rooms, serial_glass, glass_columns_a,
          glass_columns_b, minmay_worlds_worst_comb
D:2:      layout_basic
D:3:      layout_basic, portal_sewer_entry_d, hex_large, okawaru_trees_1
D:4:      layout_rooms, enter_ossuary_2
D:5:      layout_basic, nrook_loot_triangle, uniq_edmund
D:6:      layout_loops_ring, minmay_temple_entry_tees, basic_altar,
          minmay_a_box_with_orc_wizards_in_it
Abyss:1:  base: D:6, gammafunk_abyss_exit_x_factor

Skill      XL: |  1  2  3  4  5  6  7 |
---------------+----------------------+-----
Unarmed Combat | 1 2 3 4 5 6 8 |  8.0
Fighting       | 1 2 3 4 5 |  5.6
Dodging        | |  1.7
Stealth        | |  2.1
Spellcasting   | |  1.7
Ice Magic      | |  4.3

Action                   |  1- 3 |  4- 6 |  7- 9 || total
-------------------------+-------+-------+-------++-------
Melee: Unarmed           |    10 |    31 |    81 ||   122
       Dagger            |    23 |   153 |    11 ||   187
       Punch             |       |     5 |     3 ||     8
 Cast: Freeze            |    50 |    18 |       ||    68
  Use: Potion            |       |     3 |     1 ||     4
       Scroll            |       |       |     7 ||     7
 Stab: Sleeping          |       |     2 |       ||     2
Armor: Robe              |    12 |    23 |       ||    35
       Leather armour    |       |     9 |     4 ||    13
       Scale mail        |       |       |    13 ||    13
Dodge: Dodged            |    38 |   144 |    38 ||   220

Table legend: (Time is in decaauts)
 A = Elapsed time spent in this place.
 B = Non-inter-level travel time spent in this place.
 C = Inter-level travel time spent in this place.
 D = Time resting spent in this place.
 E = Time spent auto-exploring this place.
 F = Levels seen in this place.
 G = Mean time per level.
                   A        B        C        D        E       F      G
               +--------+--------+--------+--------+--------+-----+--------+
         Total |   7712 |   7425 |    287 |    984 |   5225 |   8 |  964.0 |
       Dungeon |   6654 |   6367 |    287 |    954 |   4589 |   6 | 1109.0 |
         Abyss |     93 |     93 |      0 |     30 |      0 |   1 |   93.0 |
         Sewer |    964 |    964 |      0 |      0 |    636 |   1 |  964.0 |
               +--------+--------+--------+--------+--------+-----+--------+

Top non-repeatable levels by time:
     D:3: 2286 daAuts
     D:4: 1496 daAuts
     D:2: 1125 daAuts
     D:5: 1103 daAuts
   Sewer: 964 daAuts
     D:1: 564 daAuts
 Abyss:1: 93 daAuts
     D:6: 78 daAuts
